 Dungeon Crawl Stone Soup version 0.30.0-29-ga12c61a403 (webtiles) character file.

Game seed: 3199025454089213029

7 Graphine the Sneak (level 1, 0/14 HPs)
             Began as a Demonspawn Wanderer on June 22, 2023.
             Slain by a gnoll
             ... wielding a +0 spear
              (4 damage)
             ... on level 1 of the Dungeon.
             The game lasted 00:01:20 (195 turns).

Graphine the Sneak (Demonspawn Wanderer)             Turns: 195, Time: 00:01:21

Health: 0/14       AC:  5    Str: 13 (15) XL:     1   Next: 83%
Magic:  2/2        EV:  7    Int:  9 (11) God:
Gold:   9          SH:  0    Dex:  9 (11) Spells: 2/2 levels left

rFire   . . .        a - +0 dagger
rCold   . . .        (no shield)
rNeg    . . .        d - +0 ring mail
rPois   .            (no helmet)
rElec   .            (no cloak)
rCorr   .            (no gloves)
SInv    .            (no boots)
Will    +....        (no amulet)
Stlth   ++           (no ring)
HPRegen 0.22/turn    (no ring)
MPRegen 0.08/turn

%: no passive effects
@: constricted
A: hooves 1, strong-willed 1, screaming 1
a: no special abilities


You were on level 1 of the Dungeon.
You visited 1 branch of the dungeon, and saw 1 of its levels.

You collected 9 gold pieces.

Inventory:

Hand Weapons
 a - a +0 dagger (weapon)
Missiles
 b - an atropa-tipped dart (quivered)
 c - 2 datura-tipped darts
Armour
 d - a +0 ring mail (worn)
Scrolls
 e - a scroll of fog
 f - a scroll of acquirement {unknown}
Potions
 g - a potion of degeneration


   Skills:
 + Level 0.3 Fighting
 + Level 0.2 Short Blades
 + Level 1.8 Armour
 + Level 1.1 Dodging
 - Level 4.5 Stealth
 + Level 1.1 Spellcasting
 + Level 1.3 Necromancy


You had 2 spell levels left.
You didn't know any spells.
Your spell library contained the following spells:

 Spells                   Type           Power      Damage    Failure   Level
 Sublimation of Blood     Necr           2%         N/A       56%         2
 Cigotuvi's Dreadful Rot  Necr/Pois/Air  2%         N/A       69%         2


Dungeon Overview and Level Annotations

Branches:
Dungeon (1/15)

Altars:


Innate Abilities, Weirdness & Mutations

You have large cloven feet.
You are strong-willed. (Will+)
You occasionally shout uncontrollably at your foes.


Message History

The ball python bites you but does no damage.
The ball python constricts you.
You hit the gnoll but do no damage.
The gnoll is lightly wounded.
The gnoll barely misses you. The ball python barely misses you.
The ball python constricts you.
You hit the gnoll but do no damage.
The gnoll is lightly wounded.
The gnoll barely misses you. The ball python bites you.
The ball python constricts you.
You hit the gnoll but do no damage.
The gnoll is lightly wounded.
The gnoll hits you but does no damage. The ball python closely misses you.
The ball python constricts you.
You closely miss the gnoll.
The gnoll is lightly wounded.
The ball python bites you but does no damage.
The ball python constricts you. The gnoll hits you with a +0 spear.
* * * LOW HITPOINT WARNING * * *
It was a potion of degeneration.
There was something very wrong with that liquid.
You feel weakened.
You feel dopey.
You feel clumsy.
The ball python bites you but does no damage.
The ball python constricts you. The gnoll hits you but does no damage.
The ball python bites you but does no damage.
The ball python constricts you.
It was a potion of mutation.
You feel extremely strange.
Your feet thicken and deform.
You feel strong-willed.
You feel the urge to shout. The gnoll barely misses you.
The ball python bites you but does no damage.
The ball python constricts you.
You hit the gnoll but do no damage.
The gnoll is lightly wounded.
The gnoll barely misses you. The ball python completely misses you.
The ball python constricts you.
You hit the gnoll.
The gnoll is moderately wounded.
The gnoll hits you with a +0 spear.
You die...

########### #####
##........!#
#.....##..P..P...#
#######.###.##.PP..PPP.#
†..............P..P..P..
).........#....P.gr..P.#
#.#####.)...#..P@P...P..
#.###....#..#..P.S.PP...
#.....##....#...P..P....
########....'...........
.....###..###...........
####......# #####.......
..........# .......
..........# .......
########..# !......


You could see a gnoll, a ball python and a rat.

Vanquished Creatures
  A bat (D:1)
  A giant cockroach (D:1)
  A goblin (D:1)
  A hobgoblin (D:1)
  A kobold (D:1)
5 creatures vanquished.

Notes
Turn   | Place    | Note
-------+----------+-------------------------------------------
     0 | D:1      | Graphine the Demonspawn Wanderer began the quest for the
                  | Orb.
     0 | D:1      | Graphine set off with the following items: a +0 dagger, an
                  | atropa-tipped dart, 2 datura-tipped darts, a +0 ring mail,
                  | a scroll of fog; and the following spells available to
                  | memorise: Sublimation of Blood, Cigotuvi's Dreadful Rot.
     0 | D:1      | Reached XP level 1. HP: 13/13 MP: 2/2
   193 | D:1      | Gained mutation: You have large cloven feet. [potion of
                  | mutation]
   193 | D:1      | Gained mutation: You are strong-willed. (Will+) [potion of
                  | mutation]
   193 | D:1      | Gained mutation: You occasionally shout uncontrollably at
                  | your foes. [potion of mutation]
   195 | D:1      | Slain by a gnoll

Illustrated notes

Levels and vault maps discovered:
D:1:      evilmike_arrival_home_sweet_home, layout_basic,
          hellmonk_ecumenical_altar_watching_god,
          chequers_serial_rivers_micro_e, nicolae_grassy_gnolls

Action                     || total
---------------------------++-------
  Melee: Dagger            ||    56
    Use: Potion            ||     2
 Armour: Ring mail         ||    46
  Dodge: Dodged            ||    49
